 Dungeon Crawl Stone Soup version 0.29.0-4-gdea44cf6ec (webtiles) character file.

Game seed: 3540605381345991334

21 qw the Chopper (level 2, -1/17 HPs)
             Began as a Tengu Warper on Aug 28, 2022.
             Slain by Sigmund
             ... wielding a +0 vorpal scythe
              (2 damage)
             ... on level 2 of the Dungeon.
             The game lasted 00:00:06 (1450 turns).

qw the Chopper (Tengu Warper)                       Turns: 1450, Time: 00:00:07

Health: -1/17      AC:  8    Str: 11    XL:     2   Next: 87%
Magic:  6/6        EV:  5    Int: 13    God:
Gold:   33         SH:  0    Dex: 13    Spells: 5/5 levels left

rFire   . . .      SeeInvis .   Y - +0 hand axe
rCold   . . .      Faith    .   (no shield)
rNeg    . . .      Spirit   .   h - +0 chain mail
rPois   .          Reflect  .   (helmet restricted)
rElec   .          Harm     .   (no cloak)
rCorr   .          Rampage  .   (no gloves)
Will    .....                   (boots unavailable)
Stlth   ..........              (no amulet)
HPRegen 0.05/turn               (no ring)
MPRegen 0.10/turn               (no ring)

@: confused
A: beak, talons 3
a: no special abilities


You were on level 2 of the Dungeon.
You visited 1 branch of the dungeon, and saw 2 of its levels.

You collected 33 gold pieces.


Innate Abilities, Weirdness & Mutations

You have a beak for a mouth.
You have claws for feet.


   Skills:
 - Level 2.0 Fighting
 + Level 3.6 Axes
 - Level 1.0 Throwing
 - Level 1.1 Armour
 - Level 2.1 Dodging
 - Level 2.0 Spellcasting
 - Level 2.4 Translocations


You had 5 spell levels left.
You didn't know any spells.
Your spell library contained the following spells:

 Spells                   Type           Power      Damage    Failure   Level
 Blink                    Tloc           14%        N/A       100%        2
 Gell's Gravitas          Tloc           7%         N/A       100%        3
 Lesser Beckoning         Tloc           7%         N/A       100%        3
 Teleport Other           Tloc           7%         N/A       100%        3
 Manifold Assault         Tloc           7%         N/A       100%        5

Inventory:

Hand Weapons
 c - a +0 club
 Y - a +0 hand axe (weapon)
Armour
 h - a +0 chain mail (worn)
Scrolls
 a - a scroll of teleportation
 b - a scroll of noise {unknown}
 g - a scroll of enchant armour
Potions
 f - a potion of attraction {unknown}
 i - a potion of curing {unknown}

Dungeon Overview and Level Annotations

Branches:
Dungeon (2/15)

Altars:

Shops:
D:1 (

Annotations:
D:2 Sigmund


Message History

The hobgoblin hits you but does no damage.
You hit the hobgoblin.
You kill the hobgoblin!
A goblin comes into view. It is wielding a +0 club.
The goblin shouts!
You hear a shout!
You barely miss the goblin. Your peck misses the goblin.
The goblin closely misses you.
You hit the goblin.
You kill the goblin!
Found a stone staircase leading down.
c - a +0 club
There is a stone staircase leading down here.
You now have 33 gold pieces (gained 11).
Sigmund the Dreaded comes into view.
He is wielding a +0 vorpal scythe.
Sigmund shouts!
Enter note:
1440 ||| Stepping ~*~*~tactically~*~*~ (hiding).
You start waiting.
Sigmund is nearby!
Sigmund barely misses you.
You closely miss Sigmund. You claw Sigmund. You peck Sigmund, but do no damage.
Sigmund is lightly wounded.
You slash Sigmund! Your peck misses Sigmund.
Sigmund is heavily wounded.
Sigmund casts a spell at you. You resist with significant effort.
You hit Sigmund. You peck Sigmund, but do no damage.
Sigmund is heavily wounded.
Sigmund gestures at you while chanting. The magic dart hits you!
You hit Sigmund but do no damage. You peck Sigmund.
Sigmund is heavily wounded.
Sigmund hits you with a +0 vorpal scythe.
You hit Sigmund but do no damage.
Sigmund is heavily wounded.
Sigmund points at you and mumbles some strange words.
You are confused.
You bump into the rock wall.
Sigmund hits you with a +0 vorpal scythe.
You die...

#....##.........#
#.##.#
####...#.####
#.#.#.##.#
###..>###
#.#.#.##.#
###.#..
..#.#....#
#.#.####.#.######
#.#.##.#.#.#
#.#......#.#
#.#.####.#.#
#........@@#
#.######.### ###
#.# #.# #.# #.#
#.# #.#


You could see Sigmund.

Vanquished Creatures
  4 bats
  An endoplasm (D:1)
  A goblin (D:2)
  3 hobgoblins
  3 quokkas (D:1)
  2 ball pythons (D:1)
  A frilled lizard (D:1)
  2 kobolds (D:1)
  3 rats
20 creatures vanquished.

Notes
Turn   | Place    | Note
-------+----------+-------------------------------------------
     0 | D:1      | qw the Tengu Warper began the quest for the Orb.
     0 | D:1      | Reached XP level 1. HP: 12/12 MP: 4/4
     0 | D:1      | 0 ||| qw: Version: 0.1-a-89-g26bdef1
     0 | D:1      | 0 ||| qw: Game counter: 2184
     0 | D:1      | 0 ||| qw: Always use a shield: true
     0 | D:1      | 0 ||| qw: God list: Okawaru
     0 | D:1      | 0 ||| qw: Allow faded altars: false
     0 | D:1      | 0 ||| qw: Do Orc after D:15 true
     0 | D:1      | 0 ||| qw: Do second Lair branch before Depths: true
     0 | D:1      | 0 ||| qw: Lair rune preference: random
     0 | D:1      | 0 ||| qw: Plans: Normal
     0 | D:1      | 0 ||| PLANNING D:1-11
   349 | D:1      | Reached XP level 2. HP: 8/17 MP: 6/6
   524 | D:1      | Reached skill level 3 in Axes
   665 | D:1      | Found Soicrin's Weapon Boutique.
   682 | D:1      | 682 ||| Stepping ~*~*~tactically~*~*~ (stealth).
  1320 | D:1      | 1320 ||| UPGRADING to +0 ring mail.
  1330 | D:1      | 1330 ||| DROPPING +0 leather armour.
  1331 | D:1      | 1331 ||| UPGRADING to +0 chain mail.
  1341 | D:1      | 1341 ||| DROPPING +0 ring mail.
  1342 | D:1      | 1342 ||| READING 2 scrolls labelled WYCSYH SAUNU.
  1345 | D:1      | 1345 ||| READING 2 scrolls labelled URECATS BEUQA.
  1346 | D:1      | 1346 ||| DROPPING scroll of blinking.
  1439 | D:2      | Noticed Sigmund
  1440 | D:2      | 1440 ||| Stepping ~*~*~tactically~*~*~ (hiding).
  1450 | D:2      | HP: 1/17 [Sigmund/+0 vorpal scythe (6)]
  1450 | D:2      | Slain by Sigmund

Levels and vault maps discovered:
D:1:      dpeg_arrival_signposts, layout_basic, serial_shops,
          nicolae_shop_bloodbath_and_beyond
D:2:      layout_basic, uniq_sigmund

Skill      XL: |  1  2 |
---------------+-------+-----
Axes           | 3 |  3.6
Fighting       | |  2.0
Throwing       | |  1.0
Armour         | |  1.1
Dodging        | |  2.1
Spellcasting   | |  2.0
Translocations | |  2.4

Action                   || total
-------------------------++-------
Melee: Hand axe          ||    46
       Kick              ||     9
       Peck              ||     6
Throw: Boomerang         ||     7
  Use: Scroll            ||     2
Armor: Leather armour    ||    11
       Chain mail        ||     2
Dodge: Dodged            ||    17

Table legend:
 A = Non-vault XP
 B = Vault XP
 C = Vault XP percentage of total XP
 D = Non-vault monster count
 E = Vault monster count
 F = Vault count percentage of total count
                 A         B        C        D         E       F
            +---------+---------+-------+---------+---------+-------
      Total |      31 |       0 |   0.0 |      20 |       0 |   0.0
            +---------+---------+-------+---------+---------+-------
        D:1 |      24 |       0 |   0.0 |      16 |       0 |   0.0
        D:2 |       7 |       0 |   0.0 |       4 |       0 |   0.0
            +---------+---------+-------+---------+---------+-------
